[Event "FIDE Chesscom Online Nations Cup"]
[White "Nakamura, Hikaru"]
[Black "Anand, Viswanathan"]
[Site "Online"]
[Round "6"]
[Annotator "RC"]
[Result "1/2-1/2"]
[Date "2020.05.07"]
[WhiteElo "2829"]
[BlackElo "2751"]
[PlyCount "138"]
[TimeControl "1500+10"]

1. c4 e6 2. Nc3 d5 3. d4 Nf6 4. cxd5 exd5 5. Bg5 c6 6. e3 Bf5 7. Qf3 Bg6 8. Bxf6 Qxf6 9. Qxf6 gxf6 10. Nf3 Nd7 11. Nh4 Be7 12. Be2 f5 13. Nf3 Nb6 14. 0-0 a5 15. Bd3 Bd6 16. g3 Ke7 17. Ne2 Kf6 18. Nf4 a4 19. Rac1 Nd7 20. Rc2 Nf8 21. Ng2 Ne6 22. Nfh4 f4 23. Bxg6 hxg6 24. gxf4 Rag8 25. Kh1 g5 26. fxg5+ Nxg5 27. f3 Ke6 28. Re2 Kd7 29. e4 Rh5 30. e5 Bc7 31. f4 Ne4 32. f5 Rg4 33. Rf3 Rgxh4 34. Nxh4 Rxh4 35. Rg2 Rh7 36. b3 c5 37. e6+ Ke7 38. dxc5 fxe6 39. fxe6 Kxe6 40. Rg6+ Ke5 41. c6 bxc6 42. Rxc6 Bd6 43. bxa4 Ra7 44. Rc2 Rxa4 45. h4 Rc4 46. Re2 d4 47. Kg2 Rc7 48. h5 Rh7 49. Rh3 Kd5 50. h6 Nf6 51. a4 Ng4 52. a5 Nxh6 53. Rh5+ Kc4 54. Rc2+ Kd3 55. Rc6 Bf4 56. Rf6 Be3 57. Kf3 Ra7 58. a6 Nf7 59. Rb5 Ng5+ 60. Kg4 Ne4 61. Rg6 Ra8 62. Ra5 Ke2 63. Ra2+ Nd2 64. a7 d3 65. Re6 Kf2 66. Rd6 Rxa7 67. Rxa7 Bxa7 68. Rxd3 Be3 69. Rxe3 Kxe3 1/2-1/2

[Event "FIDE Chesscom Online Nations Cup"]
[White "Nepomniachtchi, Ian"]
[Black "Vachier-Lagrave, Maxime"]
[Site "Online"]
[Round "6"]
[Annotator "RC"]
[Result "0-1"]
[Date "2020.05.07"]
[WhiteElo "2778"]
[BlackElo "2860"]
[PlyCount "222"]
[TimeControl "1500+10"]

1. e4 c6 2. d4 d5 3. e5 Bf5 4. Nf3 e6 5. Be2 c5 6. Be3 Qb6 7. Nc3 Nc6 8. Na4 Qa5+ 9. c3 cxd4 10. Nxd4 Nxd4 11. Bxd4 Ne7 12. g4 Bg6 13. Nc5 Qc7 14. h4 h5 15. gxh5 Bf5 16. Qb3 0-0-0 17. a4 Nc6 18. a5 Nxd4 19. cxd4 Bxc5 20. dxc5 Qxc5 21. 0-0 Kb8 22. Rfc1 Qe7 23. a6 b6 24. Rc6 Be4 25. f3 Rxh5 26. fxe4 Rxh4 27. Bf3 Rh3 28. exd5 Qg5+ 29. Kf1 Qf4 30. Ra3 Rh1+ 31. Ke2 Rh2+ 32. Kf1 Rh1+ 33. Ke2 Qxe5+ 34. Kd3 Rxd5+ 35. Bxd5 Rh3+ 36. Kc2 Rxb3 37. Rxb3 Qe2+ 38. Kb1 exd5 39. Ra3 d4 40. Rc2 Qb5 41. Rd2 Qf1+ 42. Ka2 Qc4+ 43. Kb1 g5 44. Rf3 g4 45. Rf4 g3 46. Rdxd4 Qe6 47. Rg4 b5 48. Rg8+ Kc7 49. Rdg4 Qxa6 50. Rxg3 Qe6 51. Rc3+ Kb7 52. Rgg3 b4 53. Rce3 Qf5+ 54. Ka2 Qd5+ 55. b3 a5 56. Rd3 Qc6 57. Rgf3 Qc2+ 58. Ka1 f5 59. Rfe3 Qc1+ 60. Ka2 Qc2+ 61. Ka1 Qc7 62. Kb1 f4 63. Rh3 Qe7 64. Kc2 Qe2+ 65. Kc1 Qe4 66. Kd2 a4 67. bxa4 Kb6 68. Rhf3 Ka5 69. Rf1 Qg2+ 70. Ke1 Qc2 71. Rff3 Kxa4 72. Rd4 Qc1+ 73. Rd1 Qc5 74. Kf1 Qc4+ 75. Kg1 Qg8+ 76. Kf1 Qg4 77. Kf2 Qh4+ 78. Kg2 Qg5+ 79. Kf2 Qe5 80. Rf1 b3 81. Kg1 Qd4+ 82. Kh2 Qh8+ 83. Kg1 Qg7+ 84. Kh2 Qh7+ 85. Kg1 Qg6+ 86. Kh2 b2 87. Rxf4+ Kb3 88. R4f3+ Ka2 89. R3f2 Qh7+ 90. Kg1 Qd3 91. Kh2 Ka3 92. Rf7 Qd6+ 93. Kg2 Qd5+ 94. R7f3+ Ka2 95. R1f2 Ka1 96. Kg3 Qd6+ 97. Kg2 b1=Q 98. Rf1 Qxf1+ 99. Kxf1 Kb2 100. Ke2 Kc2 101. Re3 Qd5 102. Kf2 Qf5+ 103. Ke2 Qg4+ 104. Rf3 Qe4+ 105. Kf2 Kd2 106. Ra3 Qd5 107. Rg3 Qe5 108. Kf3 Qf5+ 109. Kg2 Ke2 110. Kg1 Qf2+ 111. Kh1 Kf1 0-1

[Event "FIDE Chesscom Online Nations Cup"]
[White "Radjabov, Teimour"]
[Black "Ding, Liren"]
[Site "Online"]
[Round "6"]
[Annotator "RC"]
[Result "0-1"]
[Date "2020.05.07"]
[WhiteElo "2758"]
[BlackElo "2836"]
[PlyCount "106"]
[TimeControl "1500+10"]

1. Nf3 Nf6 2. b3 d5 3. Bb2 Bf5 4. e3 h6 5. d3 e6 6. Nbd2 Be7 7. h3 Bh7 8. g4 c5 9. Ne5 Nbd7 10. Nxd7 Qxd7 11. Bg2 d4 12. 0-0 0-0 13. Nc4 Rad8 14. Qf3 Nd5 15. exd4 cxd4 16. Bxd4 Nb4 17. Bc3 Nxc2 18. Rad1 Nd4 19. Qe3 Bf6 20. Ne5 Qd6 21. Bxd4 Qxd4 22. Qxd4 Rxd4 23. Rfe1 Bxe5 24. Rxe5 b6 25. Be4 Rc8 26. Bxh7+ Kxh7 27. Re4 Rd5 28. Ra4 Rc7 29. Kg2 Kg6 30. Rd2 Rcd7 31. f4 Kf6 32. d4 g5 33. fxg5+ hxg5 34. Kf3 Kg6 35. Rc4 f6 36. a4 R5d6 37. Ke3 f5 38. Rcc2 Rh7 39. Rh2 Rh4 40. Rcg2 Kf6 41. Rf2 Kg6 42. Rfg2 a5 43. Rh1 Rh8 44. Rhh2 Rc6 45. Kd3 Rhc8 46. Rc2 Rxc2 47. Rxc2 Rxc2 48. Kxc2 Kf6 49. Kd3 Ke7 50. Ke3 Kd6 51. Kf2 fxg4 52. hxg4 Kd5 53. Ke3 e5 0-1

[Event "FIDE Chesscom Online Nations Cup"]
[White "Ju, Wenjun"]
[Black "Muzychuk, Mariya"]
[Site "Online"]
[Round "6"]
[Annotator "RC"]
[Result "1-0"]
[Date "2020.05.07"]
[WhiteElo "2610"]
[BlackElo "2506"]
[PlyCount "139"]
[TimeControl "1500+10"]

1. d4 Nf6 2. c4 g6 3. g3 c6 4. Bg2 d5 5. Qa4 Bg7 6. cxd5 Nxd5 7. Nf3 Bg4 8. e3 0-0 9. Nc3 Nb6 10. Qc2 N8d7 11. 0-0 e5 12. Nxe5 Nxe5 13. dxe5 Bxe5 14. Qe4 Bxc3 15. bxc3 Bf5 16. Qb4 a5 17. Qd4 Re8 18. Ba3 Qxd4 19. cxd4 Nc4 20. Bc5 Nb2 21. Rfc1 Nd3 22. Rc3 Nxc5 23. Rxc5 a4 24. d5 cxd5 25. Bxd5 Be4 26. Bxe4 Rxe4 27. Rb1 Re7 28. Kf1 h5 29. h4 Kg7 30. Ke2 Ra6 31. Rb4 Rd7 32. Rcc4 a3 33. Ra4 Rb6 34. Rc2 Rb1 35. Rxa3 Rdd1 36. Rac3 Re1+ 37. Kf3 Rb6 38. Rc7 Ra1 39. Rd7 Ra6 40. Rdd2 Ra4 41. Rb2 b5 42. e4 Re1 43. Re2 Rxe2 44. Rxe2 Ra3+ 45. Kf4 Kf6 46. Rc2 Ke6 47. f3 Kf6 48. e5+ Ke6 49. Rc6+ Ke7 50. Rb6 Rxa2 51. Rxb5 Kf8 52. e6 Ra6 53. Rb8+ Ke7 54. exf7 Kxf7 55. Kg5 Ra5+ 56. Kh6 Ra3 57. Rb7+ Kf8 58. Rg7 Rxf3 59. Rxg6 Rf5 60. Rg5 Rf6+ 61. Kxh5 Kf7 62. Kg4 Ra6 63. Rf5+ Kg6 64. h5+ Kh6 65. Kh4 Ra1 66. Rf6+ Kg7 67. Rb6 Ra5 68. g4 Rc5 69. Rb7+ Kf6 70. g5+ 1-0

[Event "FIDE Chesscom Online Nations Cup"]
[White "Muzychuk, Anna"]
[Black "Goryachkina, Aleksandra"]
[Site "Online"]
[Round "6"]
[Annotator "RC"]
[Result "1/2-1/2"]
[Date "2020.05.07"]
[WhiteElo "2533"]
[BlackElo "2502"]
[PlyCount "75"]
[TimeControl "1500+10"]

1. e4 e6 2. d4 d5 3. exd5 exd5 4. Nf3 Nc6 5. Nc3 Bb4 6. Bd3 Nge7 7. 0-0 0-0 8. h3 Bf5 9. Ne2 Bd6 10. c3 Bxd3 11. Qxd3 Ng6 12. Bd2 Qd7 13. Rae1 Rae8 14. Ng3 Bxg3 15. fxg3 a6 16. g4 Rxe1 17. Rxe1 Re8 18. Qf5 Rxe1+ 19. Bxe1 Qd8 20. Ng5 Qe8 21. Bg3 h6 22. Nf3 Nce7 23. Qd3 Qd7 24. Qe2 Nc8 25. g5 hxg5 26. Nxg5 Nf8 27. Nf3 f6 28. Ne1 Nd6 29. Bxd6 Qxd6 30. Nd3 Ne6 31. Qh5 Qd7 32. Qf5 Qd6 33. h4 c6 34. Kf2 Qe7 35. g3 Qf7 36. Qg4 g6 37. Nf4 Nxf4 38. Qxf4 1/2-1/2

[Event "FIDE Chesscom Online Nations Cup"]
[White "Koneru, Humpy"]
[Black "Krush, Irina"]
[Site "Online"]
[Round "6"]
[Annotator "RC"]
[Result "1/2-1/2"]
[Date "2020.05.07"]
[WhiteElo "2483"]
[BlackElo "2392"]
[PlyCount "106"]
[TimeControl "1500+10"]

1. d4 d5 2. c4 dxc4 3. Nf3 Nf6 4. e3 e6 5. Bxc4 c5 6. 0-0 Nc6 7. Qe2 a6 8. Nc3 b5 9. Bd3 cxd4 10. exd4 Be7 11. Bg5 Bb7 12. Bxf6 Bxf6 13. d5 Nb4 14. Bxb5+ Kf8 15. Bc4 Nxd5 16. Ne4 g6 17. Rac1 Kg7 18. Rfd1 Qe7 19. Nxf6 Qxf6 20. Qe5 Rhd8 21. Kf1 a5 22. Qxf6+ Kxf6 23. Nd2 Nb4 24. f3 Nd3 25. Bxd3 Rxd3 26. Nb3 Rxd1+ 27. Rxd1 Bd5 28. Rd4 Bxb3 29. axb3 Rb8 30. Rd3 e5 31. Ke2 Ke6 32. Kd1 f5 33. Kc2 e4 34. fxe4 fxe4 35. Rd4 Ke5 36. Ra4 Rb5 37. Kd2 Kf4 38. Ke2 Rxb3 39. g3+ Ke5 40. Rxa5+ Kd4 41. Ra4+ Ke5 42. Ra5+ Kf6 43. Ra2 Kf5 44. Kf2 h5 45. h3 h4 46. Ra5+ Kf6 47. gxh4 Rxh3 48. b4 Rxh4 49. Ke3 Ke6 50. Rg5 Rh3+ 51. Kxe4 Rh4+ 52. Ke3 Rxb4 53. Rxg6+ Kf5 1/2-1/2